AoeStats
← 269915077

Baltic

510304573Analyzed
2v2 RM · 8h ago on Sep 30, 2026· 67m 34s· 4 players
Game mode
Random Map
Map size
Medium (4 player)
Population
200
Speed
Normal
Resources
Standard
Victory
Conquest
Starting age
Dark Age
Ending age
Imperial Age
RankedLock teamsTeams togetherTeam positionsShared explorationLock speedFull tech treeHidden civsTurbo modeCheats
Victory
Defeat
🇨🇳 Inca · China
812
+14
🇷🇺 Mongols · Russia
746
+17
🇦🇷 Japanese · Argentina
836
-18
🇦🇷 Persians · Argentina
710
-13
toxic-mushroom
11:22 Feudal Age
9:38 Loom
13:03 Double-Bit Axe
15:59 Fishing Lines
18:22 Man-at-Arms
23:08 Castle Age
21:46 Scale Mail Armor
22:02 Stone Mining
23:16 Wheelbarrow
22:36 Horse Collar
25:34 Heavy Plow
25:27 Gillnets
28:59 Medium Warships
29:40 Hand Cart
32:06 Yasama
36:32 Chain Mail Armor
36:28 Forging
36:29 Heavy Plow
40:24 Imperial Age
37:45 Town Watch
37:55 Guard Tower
39:47 Iron Casting
40:34 Elite Samurai
42:47 Keep
42:21 Siege Engineers
42:15 Murder Holes
43:03 Heavy Warships
45:14 Bow Saw
46:44 Kataparuto
51:18 Onager
53:12 Herbal Medicine
57:39 Caravan
57:57 Husbandry
58:07 Bloodlines
59:41 Two-Man Saw
59:18 Siege Engineers
59:36 Ballistics
59:21 Padded Archer Armor
59:11 Fletching
58:50 Heavy Cavalry Archer
59:56 Parthian Tactics
59:37 Thumb Ring
66:35 Bodkin Arrow
muti
8:13 Loom
11:12 Feudal Age
14:29 Wheelbarrow
15:52 Double-Bit Axe
16:01 Horse Collar
17:29 Scale Barding Armor
20:35 Wheelbarrow
19:56 Stone Mining
20:00 Gold Mining
21:01 Town Watch
24:06 Castle Age
28:15 Bloodlines
28:06 Husbandry
35:36 Kamandaran
38:23 Imperial Age
36:08 Hand Cart
38:08 Chain Barding Armor
38:20 Cavalier
38:47 Crossbowman
39:33 Thumb Ring
39:44 Elite Skirmisher
41:52 Hoardings
41:40 Conscription
43:00 Chemistry
42:20 Ballistics
44:33 Padded Archer Armor
44:24 Fletching
45:09 Plate Barding Armor
44:58 Savar
46:18 Caravan
49:27 Murder Holes
49:44 Masonry
49:32 Heated Shot
54:28 Forging
54:14 Bodkin Arrow
54:34 Leather Archer Armor
55:00 Citadels
63:56 Light Cavalry
269915077
9:15 Loom
12:00 Feudal Age
12:31 Double-Bit Axe
13:02 Horse Collar
14:04 Fishing Lines
19:03 Castle Age
19:31 Wheelbarrow
19:41 Stone Mining
20:10 Heavy Plow
20:26 Bow Saw
20:11 Gillnets
21:19 Heavy Plow
23:09 Stone Shaft Mining
23:11 Caravan
23:28 Gold Mining
25:08 Fletching
26:50 Medium Warships
29:24 Hand Cart
30:44 Scale Mail Armor
30:51 Town Watch
34:51 Imperial Age
33:50 Gold Shaft Mining
34:48 Chain Mail Armor
34:43 Forging
35:12 Treadmill Crane
36:33 Chemistry
35:39 Siege Engineers
35:45 Masonry
36:27 Conscription
37:23 Heavy Warships
37:26 Ballistics
38:06 Careening
38:07 Clinker Construction
38:03 Murder Holes
41:51 Crop Rotation
41:52 Dry Dock
41:41 Fabric Shields
42:29 Fortified Wall
47:53 Plate Mail Armor
48:44 Iron Casting
50:05 Town Patrol
50:49 Elite Kamayuk
51:56 Arson
52:12 Squires
60:48 Blast Furnace
59:44 Bodkin Arrow
59:49 Padded Archer Armor
60:50 Heated Shot
60:46 Arrowslits
60:52 Guard Tower
61:23 Shipwright
62:30 Bracer
63:09 Hoardings
63:13 Keep
63:40 Andean Sling
sssrwmi
0:32 Loom
11:44 Feudal Age
12:54 Double-Bit Axe
17:31 Fishing Lines
19:40 Padded Archer Armor
19:36 Gold Mining
19:54 Stone Mining
23:00 Castle Age
23:51 Bow Saw
25:21 Fletching
26:09 Stone Shaft Mining
26:12 Gold Shaft Mining
25:41 Gillnets
26:03 Horse Collar
28:06 Forging
29:20 Wheelbarrow
28:31 Town Watch
30:19 Iron Casting
29:16 Pikeman
32:26 Squires
33:41 Hand Cart
37:13 Caravan
41:33 Imperial Age
39:47 Husbandry
39:58 Bloodlines
39:08 Light Cavalry
40:18 Ballistics
39:57 Bodkin Arrow
40:17 Leather Archer Armor
42:34 Medium Warships
43:42 Capped Ram
47:23 Siege Engineers
47:59 Thumb Ring
49:34 Parthian Tactics
49:13 Bracer
49:37 Onager
50:42 Drill
51:10 Heavy Cavalry Archer
53:10 Siege Ram
53:46 Arson
54:39 Scale Mail Armor
55:14 Iron Casting
54:45 Scale Barding Armor
54:55 Hussar
57:18 Heavy Camel Rider
60:19 Chain Barding Armor
61:00 Blast Furnace
60:16 Chain Mail Armor
62:03 Heavy Plow
Connection lost

Rejoining the realm…

Still unreachable

The connection could not be restored.

Session expired

The server has moved on; the page needs a fresh start.